 Dungeon Crawl Stone Soup version 0.31-a0-37-g98a128e1d9 (webtiles) character file.

Game seed: 10226326680693419426

772 pk666 the Magician (level 7, -7/36 HPs)
             Began as a Deep Elf Fire Elementalist on May 15, 2023.
             Mangled by an ogre
             ... wielding a +0 giant club
              (31 damage)
             ... on level 4 of the Dungeon.
             The game lasted 00:07:43 (4682 turns).

pk666 the Magician (Deep Elf Fire Elementalist)     Turns: 4682, Time: 00:08:13

Health: -7/36      AC:  3    Str:  5    XL:     7   Next: 53%
Magic:  1/18       EV: 14    Int: 22    God:
Gold:   243        SH:  0    Dex: 15    Spells: 15/18 levels left

rFire   . . .        m - +0 dagger (protect)
rCold   . . .        (no shield)
rNeg    + . .        a - +0 robe
rPois   .            (no helmet)
rElec   .            o - +0 cloak
rCorr   .            (no gloves)
SInv    +            (no boots)
Will    .....        (no amulet)
Stlth   ++           d - ring of positive energy
HPRegen 0.26/turn    i - ring of see invisible
MPRegen 0.16/turn

%: no passive effects
@: no status effects
A: no striking features
a: no special abilities


You were on level 4 of the Dungeon.
You visited 1 branch of the dungeon, and saw 6 of its levels.

You collected 243 gold pieces.

Inventory:

Hand Weapons
 m - a +0 dagger of protection (weapon)
Armour
 a - a +0 robe (worn)
 o - a +0 cloak (worn)
Jewellery
 d - a ring of positive energy (left hand)
 i - a ring of see invisible (right hand)
Scrolls
 c - a scroll of immolation
 e - 2 scrolls of identify {unknown}
 f - 2 scrolls of blinking {unknown}
 h - a scroll of vulnerability {unknown}
 j - 2 scrolls of noise {unknown}
 k - 2 scrolls of teleportation {unknown}
 n - a scroll of brand weapon {unknown}
Potions
 b - a potion of magic
 g - 3 potions of curing {unknown}
 l - 4 potions of flight {unknown}


   Skills:
 + Level 5.4 Dodging
 - Level 2.4 Stealth
 + Level 6.2 Spellcasting
 + Level 4.6 Conjurations
 + Level 5.6 Fire Magic


You had 15 spell levels left.
You knew the following spells:

 Your Spells              Type           Power      Damage    Failure   Level
a - Foxfire               Conj/Fire      100%       2x1d9     1%          1
b - Scorch                Fire           62%        2d8       1%          2

Your spell library contained the following spells:

 Spells                   Type           Power      Damage    Failure   Level
 Slow                     Hex            24%        N/A       9%          1
 Inner Flame              Hex/Fire       19%        N/A       9%          3
 Volatile Blastmotes      Fire/Tloc      38%        2d13      9%          3
 Dazzling Flash           Conj/Hex       34%        N/A       11%         3
 Flame Wave               Conj/Fire      29%        2d9       11%         4
 Confusing Touch          Hex            6%         N/A       26%         3
 Vampiric Draining        Necr           6%         2d6       26%         3
 Iskenderun's Mystic Bla  Conj/Tloc      17%        2d5       34%         4
 Starburst                Conj/Fire      14%        6d6       86%         6


Dungeon Overview and Level Annotations

Branches:
Dungeon (6/15)
 Temple: D:4-7

Altars:
Fedhas
Kikubaaqudgha

Shops:
D:1 ?

Annotations:
D:3 1 runed translucent door, BobG's ghost, weakling TrFi
D:4 Natasha


Message History

Casting: Scorch (safe; 1% risk of failure)
Confirm with . or Enter, or press ? or * to list all spells.
Flames lash the orc.
You kill the orc!
The orc wizard casts a spell at you. The puff of flame hits you!
An ogre comes into view. It is wielding a +0 giant club.
Casting: Scorch (safe; 1% risk of failure)
Confirm with . or Enter, or press ? or * to list all spells.
Flames lash the orc wizard.
The orc wizard is burned terribly!
The orc wizard is almost dead.
The orc wizard casts a spell at you.
You easily resist.
Casting: Scorch (safe; 1% risk of failure)
Confirm with . or Enter, or press ? or * to list all spells.
Flames lash the orc wizard.
The orc wizard is burned terribly!
You kill the orc wizard!
Natasha, Servant of Life and Death comes into view.
Casting: Scorch (safe; 1% risk of failure)
Confirm with . or Enter, or press ? or * to list all spells.
Flames lash Natasha.
Natasha is severely wounded.
Natasha's fire resistance burns away.
Natasha casts a spell.
The ogre closely misses you.
You aren't carrying any items that you can evoke.
Casting: Scorch (safe; 1% risk of failure)
Confirm with . or Enter, or press ? or * to list all spells.
Flames lash the cerulean imp.
The cerulean imp is lightly wounded.
The cerulean imp's fire resistance burns away.
An orc comes into view. It is wielding a +0 hand axe.
Casting: Scorch (safe; 1% risk of failure)
Confirm with . or Enter, or press ? or * to list all spells.
Flames lash the ogre.
The ogre is moderately wounded.
The ogre's fire resistance burns away.
The ogre hits you with a +0 giant club!!
Ouch! That really hurt!
You die...

#..#..#.#
#####....##.###
.......####...##
.####.(........#
.# ####.####..#
### ## #..# ##.#
5o # ##.# ### h#
# #.#######O#
#.......@.#
####....######
#.....#.##
#...#####..#
#...........(#
...###########
.#


You could see an ogre (combustible), Natasha (combustible), a cerulean imp
(summoned, combustible) and an orc.

Vanquished Creatures
  An ice beast (D:3)
  A black bear (D:4)
  An ogre (D:4)
  A scorpion (D:4)
  2 orc priests
  Jessica (D:3)
  Natasha (twice) (D:4)
  7 orc wizards
  3 gnolls
  2 adders (D:2)
  A dart slug (D:1)
  2 worms (D:2)
  16 orcs
  4 endoplasms
  A giant cockroach (D:4)
  8 goblins
  8 hobgoblins
  8 jackals
  3 kobolds
  5 ball pythons
  5 bats
  2 frilled lizards
  6 rats
90 creatures vanquished.

Vanquished Creatures (collateral kills)
  A foxfire (D:2)
1 creature vanquished.

Vanquished Creatures (others)
  299 foxfires
299 creatures vanquished.

Grand Total: 390 creatures vanquished

Notes
Turn   | Place    | Note
-------+----------+-------------------------------------------
     0 | D:1      | pk666 the Deep Elf Fire Elementalist began the quest for
                  | the Orb.
     0 | D:1      | Reached XP level 1. HP: 10/10 MP: 6/6
   557 | D:1      | Reached XP level 2. HP: 14/15 MP: 2/8
   564 | D:1      | Learned a level 2 spell: Scorch
  1061 | D:1      | Found Pivad's Magic Scroll Boutique.
  1132 | D:2      | Found a faded altar of an unknown god.
  1192 | D:2      | Reached XP level 3. HP: 16/19 MP: 0/10
  1384 | D:2      | Found a blossoming altar of Fedhas.
  2145 | D:3      | Found a blossoming altar of Fedhas.
  2229 | D:3      | Noticed Jessica
  2234 | D:3      | Killed Jessica
  2235 | D:3      | Reached skill level 4 in Spellcasting
  2235 | D:3      | Reached XP level 4. HP: 24/24 MP: 3/12
  2508 | D:3      | Reached XP level 5. HP: 21/28 MP: 2/13
  2648 | D:3      | Found a runed translucent door.
  2651 | D:3      | Noticed BobG's ghost (weakling TrFi)
  3112 | D:3      | Found an ancient bone altar of Kikubaaqudgha.
  3610 | D:4      | Noticed a black bear
  3624 | D:4      | Killed a black bear
  3625 | D:4      | Reached skill level 5 in Spellcasting
  3625 | D:4      | Reached XP level 6. HP: 32/32 MP: 8/15
  3679 | D:4      | Noticed an ice beast
  3692 | D:3      | Killed an ice beast
  3693 | D:3      | Reached skill level 5 in Fire Magic
  3938 | D:4      | Reached skill level 5 in Dodging
  3938 | D:4      | Reached XP level 7. HP: 36/36 MP: 6/17
  4153 | D:4      | Noticed Natasha
  4156 | D:4      | Killed Natasha
  4157 | D:4      | Reached skill level 6 in Spellcasting
  4253 | D:4      | Noticed Natasha
  4258 | D:4      | Killed Natasha
  4570 | D:4      | You fall into a shaft and drop 2 floors!
  4594 | D:5      | Entered Level 5 of the Dungeon
  4679 | D:4      | Noticed Natasha
  4682 | D:4      | Mangled by an ogre

Illustrated notes

Levels and vault maps discovered:
D:1:      ncdulo_wetmaze, layout_basic, serial_shops,
          nicolae_shop_window_shopping, amcnicky_mini_rare_corridor_liquid,
          serial_bayou_ford_a
D:2:      layout_rooms, shapermc_ecumenical_altar_gd, basic_altar
D:3:      layout_loops_cross, general_overflow_altar,
          mainiacjoe_overflow_six_doors_small, ebering_ghost_inner_flame,
          minmay_misc_feat_doors, minivault_11,
          wander_ebering_terrifying_dragon_lair, uniq_jessica
D:4:      layout_rooms, uniq_natasha
D:5:      layout_loops_ring, goddamned_bats, uniq_sigmund, uniq_blork_the_orc
D:6:      layout_loops_ring, kennysheep_pointless_box

Skill      XL: |  1  2  3  4  5  6  7 |
---------------+----------------------+-----
Dodging        | 3 4 5 |  5.4
Conjurations   | 2 3 4 |  4.6
Spellcasting   | 4 5 6 |  6.2
Fire Magic     | 4 5 |  5.6
Stealth        | |  2.4

Action                     |  1- 3 |  4- 6 |  7- 9 || total
---------------------------+-------+-------+-------++-------
   Cast: Foxfire           |   106 |    49 |    20 ||   175
         Scorch            |       |    30 |    16 ||    46
 Armour: Robe              |     5 |     6 |       ||    11
  Dodge: Dodged            |    21 |    11 |     5 ||    37

Table legend: (Time is in decaauts)
 A = Elapsed time spent in this place.
 B = Non-inter-level travel time spent in this place.
 C = Inter-level travel time spent in this place.
 D = Time resting spent in this place.
 E = Time spent auto-exploring this place.
 F = Levels seen in this place.
 G = Mean time per level.
                   A        B        C        D        E       F      G
               +--------+--------+--------+--------+--------+-----+--------+
         Total |   4719 |   4645 |     74 |   1158 |   2776 |   6 |  786.5 |
       Dungeon |   4719 |   4645 |     74 |   1158 |   2776 |   6 |  786.5 |
               +--------+--------+--------+--------+--------+-----+--------+

Top non-repeatable levels by time:
     D:3: 1598 daAuts
     D:1: 1144 daAuts
     D:2: 1027 daAuts
     D:4: 901 daAuts
     D:6: 23 daAuts
     D:5: 22 daAuts
